 Dungeon Crawl Stone Soup version 0.25-a0-424-g80bd347ae0 (webtiles) character file.

Game seed: 5407615571811190122, levelgen mode: deterministic

26 BeastOfSaturn the Ogre Mage (level 3, 0/32 HPs)
             Began as an Ogre Air Elementalist on Jan 23, 2020.
             Slain by a worm (8 damage)
             ... on level 2 of the Dungeon.
             The game lasted 00:05:33 (1373 turns).

BeastOfSaturn the Ogre Mage (Ogre Air Elementalist) Turns: 1373, Time: 00:05:34

Health: 0/32       AC:  3    Str: 13    XL:     3   Next: 8%
Magic:  1/7        EV: 10    Int: 16    God:
Gold:   50         SH:  0    Dex:  9    Spells: 4/8 levels left

rFire    . . .     SeeInvis .   d - +0 club
rCold    . . .     Gourm    .   (no shield)
rNeg     . . .     Faith    .   a - +0 robe
rPois    .         Spirit   .   (helmet restricted)
rElec    .         Reflect  .   (no cloak)
rCorr    .         Harm     .   (gloves unavailable)
MR       .....                  (boots unavailable)
Stlth    ++........             (no amulet)
HPRegen  0.10/turn              (no ring)
MPRegen  0.10/turn              (no ring)

@: very slightly contaminated
A: large, unfitting armour, tough skin 1
a: no special abilities


You were on level 2 of the Dungeon.
You were not hungry.

You visited 1 branch of the dungeon, and saw 2 of its levels.

You collected 50 gold pieces.

Inventory:

Hand Weapons
 d - a +0 club (weapon)
Missiles
 e - 3 javelins (quivered)
Armour
 a - a +0 robe (worn)
Scrolls
 b - a scroll of remove curse {unknown}
 f - a scroll of identify {unknown}
Comestibles
 c - 2 rations


   Skills:
 + Level 0.3 Fighting
 + Level 2.1 Dodging
 + Level 1.5 Stealth
 + Level 3.1 Spellcasting
 + Level 1.0 Conjurations
 + Level 2.9 Air Magic


You had 4 spell levels left.
You knew the following spells:

 Your Spells              Type           Power        Failure   Level  Hunger
a - Shock                 Conj/Air       #...         9%          1    #......
b - Static Discharge      Conj/Air       #.......     24%         3    ###....

Your spell library contained the following spells:

 Spells                   Type           Power        Failure   Level  Hunger
 Swiftness                Chrm/Air       #.......     16%         2    ##.....
 Airstrike                Air            ##........   50%         4    #####..
 Lightning Bolt           Conj/Air       #.........   92%         5    ######.


Dungeon Overview and Level Annotations

Branches:
Dungeon (2/15)

Altars:


Innate Abilities, Weirdness & Mutations

You are too large for most types of armour.
You have tough skin. (AC +1)


Message History

You are very lightly contaminated with residual magic.
There is a short, sharp shower of sparks.
You barely miss the worm.
The worm is heavily wounded.
The worm bites you!
* * * LOW HITPOINT WARNING * * *
You hit the worm but do no damage.
The worm is moderately wounded.
The worm bites you.
* * * LOW HITPOINT WARNING * * *
The worm closely misses you.
Casting: Static Discharge (safe; 24% risk of failure)
Confirm with . or Enter, or press ? or * to list all spells.
Aiming: Shock (safe; 9% risk of failure)
Press: ? - help, Shift-Dir - straight line, f - worm
Aim: a worm (moderately wounded)
The zap hits the worm.
The worm is moderately wounded.
The worm bites you!
You die...

...... ......
### ......
####... ....
..#..##
..###.......
###†.........
#..........##
#..>?w.......
#....@.......
##!..?.....##
#.......(.#
##........#
#....##....
##.### ####
###


You could see a worm.

Vanquished Creatures
  A leopard gecko (D:1)
  6 bats (D:1)
  8 goblins (D:1)
  2 hobgoblins (D:1)
  3 kobolds (D:1)
  3 rats
23 creatures vanquished.

Notes
Turn   | Place    | Note
-------+----------+-------------------------------------------
     0 | D:1      | BeastOfSaturn the Ogre Air Elementalist began the quest for
                  | the Orb.
     0 | D:1      | Reached XP level 1. HP: 16/16 MP: 3/3
   413 | D:1      | Reached XP level 2. HP: 24/24 MP: 3/5
   531 | D:1      | Reached skill level 3 in Spellcasting
   662 | D:1      | Reached skill level 1 in Conjurations
  1042 | D:1      | Reached XP level 3. HP: 27/32 MP: 4/7
  1047 | D:1      | Learned a level 3 spell: Static Discharge
  1373 | D:2      | Slain by a worm

Levels and vault maps discovered:
D:1:      co_arrival_random_square_maze, layout_basic
D:2:      layout_rooms, fedhas_altar_1

Skill      XL: |  1  2 |
---------------+-------+-----
Dodging        | 2 |  2.1
Spellcasting   | 3 |  3.1
Conjurations   | 1 |  1.0
Fighting       | |  0.3
Stealth        | |  1.5
Air Magic      | |  2.9

Action                   || total
-------------------------++-------
Melee: Unarmed           ||    13
       Club              ||    45
Throw: Javelin           ||     2
 Cast: Shock             ||    21
       Static Discharge  ||     2
  Eat: Ration            ||     1
Armor: Robe              ||    33
Dodge: Dodged            ||    58

Table legend:
 A = Non-vault XP
 B = Vault XP
 C = Vault XP percentage of total XP
 D = Non-vault monster count
 E = Vault monster count
 F = Vault count percentage of total count
                 A         B        C        D         E       F
            +---------+---------+-------+---------+---------+-------
      Total |      38 |       0 |   0.0 |      23 |       0 |   0.0
            +---------+---------+-------+---------+---------+-------
        D:1 |      37 |       0 |   0.0 |      22 |       0 |   0.0
        D:2 |       1 |       0 |   0.0 |       1 |       0 |   0.0
            +---------+---------+-------+---------+---------+-------
